 Dungeon Crawl Stone Soup version 0.30.0-29-ga12c61a403 (webtiles) character file.

Game seed: 4796076273309327544

50838 SouperSoup the Spear-Bearer (level 14, -8/93 HPs)
             Began as a Demonspawn Gladiator on June 5, 2023.
             Was a High Priest of Okawaru.
             Mangled by an ettin
             ... wielding a +0 dire flail
              (15 damage)
             ... on level 13 of the Dungeon.
             The game lasted 01:42:41 (21226 turns).

SouperSoup the Spear-Bearer (Demonspawn Gladiator) Turns: 21226, Time: 01:42:42

Health: -8/93      AC: 20    Str: 14    XL:     14   Next: 21%
Magic:  21/21      EV: 11    Int: 14    God:    Okawaru [*****.]
Gold:   157        SH: 15    Dex: 18    Spells: 13/13 levels left

rFire   . . .        a - +9 trident of Xitheyga {heavy, Drain rPois rN++ Int+2}
rCold   . . .        I - +2 kite shield {AC+3}
rNeg    + + .        E - +2 acid dragon scales
rPois   +            C - +2 hat
rElec   .            v - +1 cloak
rCorr   +            w - +1 pair of gloves
SInv    .            (no boots)
Will    ++...        t - amulet of magic regeneration
Stlth   +            R - ring of resist corrosion
HPRegen 0.35/turn    F - ring of willpower
MPRegen 0.57/turn

%: no passive effects
@: no status effects
A: antennae 2, yellow scales 2, foul stench 2, spiny 2
a: Renounce Religion, Heroism, Finesse, Duel


You were on level 13 of the Dungeon.
You worshipped Okawaru.
Okawaru was extremely pleased with you.
You visited 3 branches of the dungeon, and saw 17 of its levels.
You also visited: Ossuary.

You collected 1428 gold pieces.
You spent 1271 gold pieces at shops.

Inventory:

Hand Weapons
 a - the +9 trident of Xitheyga (weapon) {heavy, Drain rPois rN++ Int+2}
   (You took it off an orc on level 6 of the Dungeon)

   Int:       It affects your intelligence (+2).
   rPois:     It protects you from poison.
   rN:        It greatly protects you from negative energy.
   Drain:     It drains your maximum health when unequipped.
 b - a +2 longbow of flaming
Missiles
 l - 19 boomerangs
 r - 51 poisoned darts
 s - 5 silver boomerangs
 D - 2 atropa-tipped darts
 K - 13 curare-tipped darts
 M - 2 silver javelins (quivered)
Armour
 j - +0 fire dragon scales
 v - a +1 cloak (worn)
 w - a +1 pair of gloves (worn)
 C - a +2 hat (worn)
 E - +2 acid dragon scales (worn)
 I - a +2 kite shield of protection (worn)
Jewellery
 d - a +6 ring of intelligence
 t - an amulet of magic regeneration (around neck)
 F - a ring of willpower (right hand)
 R - a ring of resist corrosion (left hand)
Wands
 J - a wand of mindburst (8)
 L - a wand of flame (4)
Scrolls
 e - 3 scrolls of amnesia
 f - a scroll of teleportation
 i - 3 scrolls of enchant weapon
 k - 2 scrolls of blinking
 p - 6 scrolls of magic mapping
 x - a scroll of vulnerability
 y - 2 scrolls of fog
 A - a scroll of torment
 B - 4 scrolls of immolation
 Q - a scroll of poison {unknown}
Potions
 g - 5 potions of brilliance
 h - 5 potions of magic
 m - 2 potions of resistance
 n - 5 potions of mutation
 o - 6 potions of curing
 q - 3 potions of flight
 u - 3 potions of attraction
 z - a potion of might
 G - a potion of invisibility
 H - a potion of lignification
 N - 4 potions of cancellation
 P - a potion of berserk rage {unknown}
Miscellaneous
 c - a piece from Xom's chessboard (15/15)


   Skills:
 + Level 3.4 Fighting
 - Level 14.0 Polearms
 - Level 6.0 Ranged Weapons
 - Level 1.7 Throwing
 + Level 2.2 Armour
 - Level 2.6 Dodging
 * Level 12.6 Shields
 - Level 9.7 Unarmed Combat
 - Level 10.0 Invocations


You had 13 spell levels left.
You didn't know any spells.
Your spell library contained the following spells:

 Spells                   Type           Power      Damage    Failure   Level
 Freeze                   Ice            0%         1d3       63%         1
 Kiss of Death            Conj/Necr      0%         2d5       63%         1
 Necrotise                Necr           0%         1d4       63%         1
 Slow                     Hex            0%         N/A       63%         1
 Blink                    Tloc           0%         N/A       77%         2
 Cigotuvi's Dreadful Rot  Necr/Pois/Air  0%         N/A       77%         2
 Lesser Beckoning         Tloc           0%         N/A       77%         2
 Momentum Strike          Conj/Tloc      0%         3d8       77%         2
 Static Discharge         Conj/Air       0%         2-2/arc   77%         2
 Confusing Touch          Hex            0%         N/A       94%         3
 Frozen Ramparts          Ice            0%         1d1       94%         3
 Gell's Gravitas          Tloc           0%         N/A       94%         3
 Hailstorm                Conj/Ice       0%         3d3       94%         3
 Portal Projectile        Hex/Tloc       0%         N/A       94%         3
 Teleport Other           Tloc           0%         N/A       94%         3
 Vampiric Draining        Necr           0%         2d6       94%         3
 Airstrike                Air            0%         2d(0-16)  100%        4
 Dispel Undead            Necr           0%         3d6       100%        4
 Ice Form                 Ice/Tmut       0%         N/A       100%        4
 Petrify                  Tmut/Erth      0%         N/A       100%        4
 Agony                    Necr           0%         N/A       100%        5
 Blade Hands              Tmut           0%         N/A       100%        5
 Fireball                 Conj/Fire      0%         3d3       100%        5
 Metabolic Englaciation   Hex/Ice        0%         N/A       100%        5
 Dispersal                Tloc           0%         N/A       100%        6
 Iron Shot                Conj/Erth      0%         9d1       100%        6
 Statue Form              Tmut/Erth      0%         N/A       100%        6
 Tukima's Dance           Hex            Unusable   N/A       N/A         3
 Animate Armour           Summ/Erth      Unusable   N/A       N/A         4
 Summon Ice Beast         Ice/Summ       Unusable   N/A       N/A         4
 Summon Lightning Spire   Summ/Air       Unusable   N/A       N/A         4

Dungeon Overview and Level Annotations

Branches:
Dungeon (14/15)            Temple (1/1) D:4            Lair (0/5) D:11
    Orc (2/2) D:12            Elf (0/3) Orc:2        Vaults (0/5) D:13
Ossuary (visited)

Altars:
Ashenzari
Cheibriados
Dithmenos
Fedhas
Gozag
Hepliaklqana
Kikubaaqudgha
Makhleb
Nemelex Xobeh
Okawaru
Qazlal
Ru
Sif Muna
Trog
Uskayaw
Vehumet
Wu Jian
Xom
Yredelemnul
Jiyva

Shops:
D:9 (   D:10 !   Orc:2 !!?*

Portals:
Abyss: D:4


Innate Abilities, Weirdness & Mutations

You have a pair of antennae on your head.
You are mostly covered in yellow scales. (AC +3)
You sometimes emit foul miasma when damaged in melee.
You are mostly covered in sharp spines.


Message History

a +0 dagger; a +0 leather armour
There is a stone staircase leading down here.
HP restored.
There is a stone staircase leading down here.
Things that are here:
a +0 dagger; a +0 leather armour You see here a +0 mace.
You now have 157 gold pieces (gained 29).
You see here a scroll of noise.
Found a sling.
You see here a +0 sling.
An ettin comes into view. It is wielding two +0 dire flails.
The ettin shouts in stereo!
You reach to attack!
You hit the ettin but do no damage. You puncture the ettin!
The ettin is lightly wounded.
You block the ettin's attack. The ettin hits you but does no damage.
You puncture the ettin!
The ettin is moderately wounded.
The ettin hits you with a +0 dire flail!!
You block the ettin's attack.
You puncture the ettin!
The ettin is heavily wounded.
The ettin is struck by your spines. The ettin closely misses you.
The ettin hits you with a +0 dire flail!!
You hit the ettin.
The ettin is heavily wounded.
The ettin closely misses you.
The ettin hits you with a +0 dire flail!!
You puncture the ettin!
The ettin is severely wounded.
You block the ettin's attack.
The ettin hits you with a +0 dire flail!!
* * * LOW HITPOINT WARNING * * *
Okay, then.
You puncture the ettin!
The ettin is almost dead.
You block the ettin's attack.
The ettin hits you with a +0 dire flail!
You die...

#...#)..# #..##
#.8)#)8.# { #.##
#...#..Q# #..##
#.#####(# #...#
#.#.#.#{# ##..#
#...#..)# #.(.#
#...#.......#
#...#
##..##.....##
#.### #..@##...##
#.### ##..C#####
#...# ##......
#.### ##.....
#.### ##...#
#...#
#############....
#...............[
#................
#............>...


You could see an ettin.

Vanquished Creatures
  2 tengu reavers (D:13)
  Gastronok (D:8)
  A storm dragon (D:13)
  A very ugly thing (D:13)
  Nessos (D:12)
  2 ettins
  A crystal guardian (D:13)
  3 centaur warriors (D:13)
  4 two-headed ogres
  2 hydras (D:13)
  The ghost of Hubris850 the Destroyer, a journeyman DrCj of Sif Muna (D:11)
  A boulder beetle (D:11)
  2 dancing weapons (D:13)
  3 orc high priests (Orc:2)
  A tengu warrior (D:11)
  A soul eater (D:11)
  3 sixfirhies (D:10)
  Pikel (D:8)
  7 orc knights
  2 deep elf pyromancers (D:13)
  A wolf spider (D:13)
  3 ugly things
  5 cyclopes
  4 orc sorcerers (Orc:2)
  Maurice (Orc:1)
  A toenail golem (D:4)
  2 gargoyles
  2 kobold demonologists (D:11)
  An ice devil (D:10)
  A freezing wraith (D:12)
  A tengu conjurer (D:11)
  A red devil (D:10)
  3 meliai
  7 trolls
  A hornet (D:10)
  A shadow (D:12)
  15 slime creatures
  A vampire (D:9)
  Sigmund (D:5)
  5 wraiths
  11 yaks (D:9)
  2 wyverns
  A neqoxec (D:10)
  2 chaos spawn (D:10)
  10 vampire mosquitoes
  Menkaure (D:4)
  Edmund (D:4)
  3 acid dragons
  A warg (Orc:2)
  A water moccasin (D:6)
  4 ice beasts
  23 orc warriors
  A black bear (D:8)
  3 sky beasts
  The ghost of superbruh the Chopper, an amateur GnWn (D:4)
  2 centaurs
  7 ogres
  2 lemures (D:8)
  3 phantoms
  9 kobold brigands
  2 elf zombies (Ossuary)
  Blork the orc (D:5)
  3 bullfrogs
  2 gnoll sergeants
  2 scorpions (D:5)
  18 wights
  5 killer bees
  7 howler monkeys
  3 small abominations (D:4)
  A quasit (D:10)
  23 orc priests
  2 gnoll boudas
  Crazy Yiuf (D:3)
  Ijyb (D:4)
  4 hounds
  5 jellies
  2 iguanas
  2 sleepcaps
  27 orc wizards
  3 hound zombies (Ossuary)
  4 mummies (Ossuary)
  16 gnolls
  11 adders
  A shadow imp (D:8)
  2 white imps
  2 ufetubi
  2 dart slugs (D:4)
  77 orcs
  3 bats
  12 endoplasms
  3 giant cockroaches
  6 goblins
  6 hobgoblins
  8 jackals
  17 kobolds
  10 ball pythons
  4 frilled lizards
  2 goblin zombies (Ossuary)
  2 hobgoblin zombies (Ossuary)
  A jackal zombie (Ossuary)
  A kobold zombie (Ossuary)
  An orc zombie (Ossuary)
  7 rats
497 creatures vanquished.

Vanquished Creatures (others)
  An orc wizard (D:10)
1 creature vanquished.

Grand Total: 498 creatures vanquished

Notes
Turn   | Place    | Note
-------+----------+-------------------------------------------
     0 | D:1      | SouperSoup the Demonspawn Gladiator began the quest for the
                  | Orb.
     0 | D:1      | Reached XP level 1. HP: 16/16 MP: 1/1
   149 | D:1      | Gained mutation: You may rarely emit foul miasma when
                  | damaged in melee. [demonic ancestry]
   149 | D:1      | Reached XP level 2. HP: 21/22 MP: 2/2
   602 | D:1      | Found a faded altar of an unknown god.
   714 | D:1      | Gained mutation: You are partially covered in sharp spines.
                  | [demonic ancestry]
   714 | D:1      | Reached XP level 3. HP: 27/27 MP: 3/3
  1222 | D:2      | Reached XP level 4. HP: 11/32 MP: 4/4
  1787 | D:3      | Noticed a phantom
  1798 | D:3      | Killed a phantom
  1799 | D:3      | Reached skill level 5 in Unarmed Combat
  1799 | D:3      | Gained mutation: You are partially covered in yellow
                  | scales. (AC +2) [demonic ancestry]
  1799 | D:3      | Reached XP level 5. HP: 32/38 MP: 5/5
  1954 | D:3      | Found a runed translucent door.
  1955 | D:3      | Noticed Crazy Yiuf
  1965 | D:3      | Killed Crazy Yiuf
  2468 | D:3      | You fall into a shaft and drop 3 floors!
  2601 | D:6      | Noticed a phantom
  2621 | D:6      | Killed a phantom
  2622 | D:6      | Gained mutation: You are mostly covered in sharp spines.
                  | [demonic ancestry]
  2622 | D:6      | Reached XP level 6. HP: 34/44 MP: 6/6
  2723 | D:6      | Found a bloodstained altar of Trog.
  2731 | D:6      | Identified the +3 great mace "Tabuefit" {pain, rPois rF+
                  | Int-5 Dex+2}
  2739 | D:5      | Entered Level 5 of the Dungeon
  2858 | D:6      | Reached XP level 7. HP: 25/50 MP: 7/7
  3122 | D:6      | Found a sand-covered staircase.
  3127 | Ossuary  | Entered an ossuary
  3162 | Ossuary  | Gained mutation: You have a pair of small antennae on your
                  | head. [demonic ancestry]
  3162 | Ossuary  | Reached XP level 8. HP: 33/56 MP: 8/8
  3731 | D:6      | Identified the +9 trident of Xitheyga {heavy, Drain rPois
                  | rN++ Int+2}
  4106 | D:5      | Noticed Sigmund
  4121 | D:5      | Reached skill level 1 in Polearms
  4129 | D:5      | Killed Sigmund
  4130 | D:5      | Reached skill level 3 in Polearms
  4302 | D:5      | Reached skill level 4 in Polearms
  4433 | D:4      | Found a staircase to the Ecumenical Temple.
  4450 | Temple   | Entered the Ecumenical Temple
  4628 | Temple   | Became a worshipper of Warmaster Okawaru
  4713 | D:4      | Found a transporter.
  4759 | D:4      | Reached skill level 5 in Polearms
  4759 | D:4      | Gained mutation: You have a pair of antennae on your head.
                  | [demonic ancestry]
  4759 | D:4      | Reached XP level 9. HP: 36/61 MP: 9/9
  5338 | D:4      | Noticed Menkaure
  5339 | D:4      | Found a transporter.
  5341 | D:4      | Killed Menkaure
  5440 | D:4      | Noticed Ijyb
  5448 | D:4      | Killed Ijyb
  5684 | D:4      | Noticed Edmund
  5694 | D:4      | Killed Edmund
  5694 | D:4      | Reached * piety under Okawaru
  5695 | D:4      | Reached skill level 6 in Polearms
  5833 | D:4      | Noticed a toenail golem
  5846 | D:4      | Noticed superbruh's ghost (amateur GnWn)
  5850 | D:4      | Killed a toenail golem
  5851 | D:4      | Reached skill level 7 in Polearms
  5854 | D:4      | Killed superbruh's ghost
  6027 | D:4      | Found a one-way gate to the infinite horrors of the Abyss.
  6182 | D:5      | Reached skill level 8 in Polearms
  6303 | D:5      | Noticed Blork the orc
  6310 | D:5      | Reached ** piety under Okawaru
  6312 | D:5      | Killed Blork the orc
  6498 | D:5      | Found a sparkling altar of Nemelex Xobeh.
  6501 | D:5      | Found a sacrificial altar of Ru.
  6507 | D:5      | Found a hazy altar of Hepliaklqana.
  6507 | D:5      | Found an ancient bone altar of Kikubaaqudgha.
  6508 | D:5      | Found an opulent altar of Gozag.
  6571 | D:5      | Identified the +0 leather armour of Qazlal's Esteem {rElec
                  | Will++}
  6789 | D:7      | Reached skill level 9 in Polearms
  7134 | D:7      | Reached XP level 10. HP: 19/67 MP: 10/10
  7762 | D:8      | Noticed a cyclops
  7789 | D:8      | Killed a cyclops
  7790 | D:8      | Reached skill level 10 in Polearms
  7871 | D:8      | Reached *** piety under Okawaru
  8065 | D:8      | Noticed a two-headed ogre
  8070 | D:8      | Killed a two-headed ogre
  8075 | D:8      | Received a gift from Okawaru
  8085 | D:8      | Reached skill level 11 in Polearms
  8362 | D:8      | Found a hide-covered altar of Uskayaw.
  8489 | D:8      | Noticed Gastronok
  8516 | D:8      | Killed Gastronok
  8516 | D:8      | Reached **** piety under Okawaru
  8517 | D:8      | Reached skill level 12 in Polearms
  8558 | D:8      | Got Vahaib's Compendium of Repulsive Conflagration
  8640 | D:8      | Reached XP level 11. HP: 65/72 MP: 11/11
  8740 | D:8      | Noticed Pikel
  8746 | D:8      | Killed Pikel
  9015 | D:10     | Entered Level 10 of the Dungeon
  9536 | D:9      | Reached skill level 1 in Invocations
  9599 | D:9      | Found a basalt altar of Yredelemnul.
  9979 | D:9      | Found Odeomoak's Antique Weapon Shop.
 10231 | D:9      | Reached ***** piety under Okawaru
 10232 | D:9      | Reached skill level 13 in Polearms
 10507 | D:10     | Noticed a sixfirhy
 10515 | D:10     | Killed a sixfirhy
 10728 | D:10     | Found a shadowy altar of Dithmenos.
 10769 | D:10     | Found Ilahara's Distillery.
 10773 | D:10     | Noticed a sixfirhy
 10778 | D:10     | Killed a sixfirhy
 10781 | D:10     | Bought a potion of curing for 48 gold pieces
 10781 | D:10     | Bought a potion of curing for 48 gold pieces
 10781 | D:10     | Bought a potion of lignification for 48 gold pieces
 10808 | D:10     | Noticed a sixfirhy
 10817 | D:10     | Killed a sixfirhy
 10817 | D:10     | Received a gift from Okawaru
 10818 | D:10     | Reached skill level 5 in Ranged Weapons
 10887 | D:10     | Noticed a soul eater
 11177 | D:10     | Reached skill level 5 in Invocations
 11288 | D:12     | Noticed a two-headed ogre
 11296 | D:12     | Killed a two-headed ogre
 11296 | D:12     | Identified the +1 robe of Enocroosun {Archmagi} (Okawaru
                  | gifted it to you on level 12 of the Dungeon)
 11296 | D:12     | Received a gift from Okawaru
 11297 | D:12     | Gained mutation: You are mostly covered in yellow scales.
                  | (AC +3) [demonic ancestry]
 11297 | D:12     | Reached XP level 12. HP: 64/78 MP: 14/16
 11450 | D:11     | Found a staircase to the Lair.
 11669 | D:11     | Noticed a boulder beetle
 11686 | D:11     | Killed a boulder beetle
 12110 | D:11     | Noticed a tengu warrior
 12119 | D:11     | Killed a tengu warrior
 12120 | D:11     | Reached skill level 1 in Shields
 12235 | D:11     | Found a viscous altar of Jiyva.
 12247 | D:11     | Reached skill level 14 in Polearms
 12354 | D:11     | Noticed Hubris850's ghost (journeyman DrCj)
 12355 | D:11     | Found a runed translucent gate.
 12355 | D:11     | Found a runed translucent gate.
 12355 | D:11     | Found a runed translucent gate.
 12385 | D:11     | Killed Hubris850's ghost
 13370 | D:12     | Found a staircase to the Orcish Mines.
 13430 | D:12     | Noticed Nessos
 13441 | D:12     | Killed Nessos
 13903 | D:12     | Noticed a two-headed ogre
 13915 | D:12     | Killed a two-headed ogre
 13916 | D:12     | Reached skill level 5 in Shields
 14458 | Orc:1    | Entered Level 1 of the Orcish Mines
 14458 | Orc:1    | Noticed Maurice
 14481 | Orc:1    | Killed Maurice
 14482 | Orc:1    | Reached skill level 10 in Invocations
 14832 | Orc:2    | Entered Level 2 of the Orcish Mines
 15554 | Orc:2    | Noticed an ettin
 15561 | Orc:2    | Killed an ettin
 15561 | Orc:2    | Received a gift from Okawaru
 15675 | Orc:2    | Gained mutation: You sometimes emit foul miasma when
                  | damaged in melee. [demonic ancestry]
 15675 | Orc:2    | Reached XP level 13. HP: 36/83 MP: 16/20
 15949 | Orc:2    | Found a staircase to the Elven Halls.
 16192 | Orc:2    | Found Domo's Distillery.
 16285 | Orc:2    | HP: 1/83 [orc knight/+0 bardiche (18)]
 16646 | Orc:2    | Found Efirann's Distillery.
 16651 | Orc:2    | Found Heuxiomu's General Store.
 16676 | Orc:2    | Found Zodocanu's Magic Scroll Boutique.
 16892 | Orc:2    | Bought a potion of curing for 48 gold pieces
 16892 | Orc:2    | Bought a potion of curing for 48 gold pieces
 16892 | Orc:2    | Bought a potion of invisibility for 128 gold pieces
 16892 | Orc:2    | Bought a potion of heal wounds for 80 gold pieces
 16892 | Orc:2    | Bought a potion of curing for 48 gold pieces
 16892 | Orc:2    | Bought a potion of might for 64 gold pieces
 17039 | Orc:2    | Bought a potion of invisibility for 120 gold pieces
 17039 | Orc:2    | Bought a potion of heal wounds for 75 gold pieces
 17039 | Orc:2    | Bought a potion of heal wounds for 75 gold pieces
 17039 | Orc:2    | Bought a potion of heal wounds for 75 gold pieces
 17049 | Orc:2    | Bought a scroll of blinking for 90 gold pieces
 17049 | Orc:2    | Bought a scroll of blinking for 90 gold pieces
 17049 | Orc:2    | Bought a scroll of blinking for 90 gold pieces
 17049 | Orc:2    | Bought a scroll of fog for 48 gold pieces
 17049 | Orc:2    | Bought a scroll of identify for 24 gold pieces
 17049 | Orc:2    | Bought a scroll of identify for 24 gold pieces
 17857 | D:13     | Reached skill level 10 in Shields
 18518 | D:13     | Found a gate to the Vaults.
 19879 | D:13     | Noticed a storm dragon
 19890 | D:13     | Noticed a tengu reaver
 19892 | D:13     | Noticed a tengu reaver
 19898 | D:13     | Killed a tengu reaver
 19899 | D:13     | Reached XP level 14. HP: 37/90 MP: 21/21
 19904 | D:13     | Killed a tengu reaver
 19905 | D:13     | Reached skill level 1 in Armour
 19911 | D:13     | Killed a storm dragon
 19952 | D:13     | Noticed a tengu reaver
 20114 | D:13     | Noticed a red very ugly thing
 20126 | D:13     | Killed a red very ugly thing
 20126 | D:13     | Received a gift from Okawaru
 21226 | D:13     | Mangled by an ettin

Illustrated notes

Levels and vault maps discovered:
D:1:      minmay_arrival_shattered_statue, layout_basic,
          hellmonk_ecumenical_altar_run_dry, supply_closet_lemuel
D:2:      layout_loops_ring, basic_altar
D:3:      layout_loops_corners, uniq_crazy_yiuf_cottage
D:4:      layout_basic, minmay_temple_entry_grid,
          gammafunk_ghost_abyssal_escape, minmay_misc_feat_four_crosses,
          grunt_ministairs_9, uniq_ijyb, uniq_menkaure, uniq_edmund
D:5:      layout_loops_ring, minitemple, amcnicky_mini_pool_small,
          uniq_blork_the_orc, uniq_sigmund
D:6:      layout_loops_ring, mainiacjoe_overflow_small_starburst,
          nicolae_ossuary_entry_ruins, lightli_minifort
D:7:      layout_loops_ring, grunt_ministairs_13
D:8:      layout_cave_pods, mainiacjoe_overflow_surrounded_room,
          minmay_fractal_squares_5, uniq_pikel, uniq_gastronok
D:9:      layout_basic, mainiacjoe_overflow_concentric_impassable, serial_shops,
          nicolae_shop_waterfront
D:10:     layout_roguey, kennysheep_mini_moat, serial_demonic, serial_demonic_g,
          serial_demonic_f, serial_demonic_g, serial_demonic_c,
          serial_demonic_c, serial_shops, nicolae_shop_behind_doors,
          minmay_misc_feat_enclosed
D:11:     layout_basic, lair_entry_dummy, gammafunk_ghost_nasty_kobolds,
          jiyva_altar_1
D:12:     layout_long_grid, david_orc_2, uniq_nessos
D:13:     minmay_tile_spiral, layout_irregular_city, erik_vaults_1
D:14:     layout_loops_ring, serial_shops, shop, serial_bayou_pond_e
Temple:   nicolae_temple_bog_church
Orc:1:    layout_caves, minmay_orc_temple_a, uniq_maurice
Orc:2:    st_orc_elflike, layout_caves, minmay_orc_barracks

Skill      XL: |  1  2  3  4  5  6  7  8  9 10 11 12 13 14 |
---------------+-------------------------------------------+-----
Unarmed Combat | 3 4 5 6 7 9 |  9.7
Polearms       | 5 9 12 13 14 | 14.0
Ranged Weapons | 2 5 6 |  6.0
Invocations    | 5 10 | 10.0
Shields        | 7 12 | 12.6
Armour         | 2 |  2.2
Fighting       | 3 |  3.4
Throwing       | |  1.7
Dodging        | |  2.6

Action                     |  1- 3 |  4- 6 |  7- 9 | 10-12 | 13-15 || total
---------------------------+-------+-------+-------+-------+-------++-------
  Melee: Unarmed           |   142 |   132 |   216 |       |       ||   490
         Punch             |     7 |     7 |    12 |    23 |       ||    49
         Trident           |       |       |    60 |   583 |   418 ||  1061
  Throw: Javelin           |       |     4 |     2 |       |       ||     6
         Dart              |       |       |     6 |    27 |    13 ||    46
         Throwing net      |       |       |     3 |     1 |       ||     4
         Boomerang         |       |       |       |     5 |       ||     5
 Invoke: Heroism           |       |       |     1 |    10 |     5 ||    16
         Finesse           |       |       |       |     2 |     5 ||     7
  Evoke: Wand              |       |       |     3 |     9 |     6 ||    18
    Use: Scroll            |       |       |    11 |    10 |    11 ||    32
         Potion            |       |       |       |     6 |     8 ||    14
   Stab: Sleeping          |       |       |       |     2 |     1 ||     3
         Distracted        |       |       |       |     1 |     1 ||     2
         Held in net/web   |       |       |       |     1 |       ||     1
         Invisible         |       |       |       |       |     6 ||     6
 Armour: Leather armour    |    23 |       |       |       |       ||    23
         Fire dragon scale |    20 |    50 |   119 |     3 |       ||   192
         Acid dragon scale |       |       |       |   174 |   112 ||   286
  Dodge: Dodged            |    69 |    35 |    86 |   187 |   137 ||   514
  Block: Kite shield       |       |       |       |    64 |   245 ||   309
